Map: Abyssal Reef LE

Players

MVP - Winner!

  • Race: Terran Terran
  • League: Platinum
  • Spawn Location: 5:00

TossGosu

  • Race: Protoss Protoss
  • League: Platinum
  • Spawn Location: 11:00

VOD

Have the link to the VOD?

Description

Time

  • Played on: Feb. 11, 2025, 7:33 p.m.
  • Length: 8:53
Show
View Real Time Build Order
Export as new Build Order

MVP Terran - Winner!

Build Orders:  

Get SALT Encoding   

  12  0:00  SCV  
  13  0:15  SCV  
  13  0:19  Supply Depot  
  14  0:27  SCV  
  15  0:40  SCV  
  16  0:44  Barracks  
  16  0:52  SCV  
  17  1:07  SCV  
  18  1:20  SCV, Command Center  
  19  1:31  Supply Depot, Marine  
  20  1:39  Orbital Command  
  20  1:49  Marine  
  21  1:59  Bunker  
  21  2:07  Marine, SCV  
  23  2:15  Barracks  
  23  2:18  Barracks  
  23  2:19  SCV  
  24  2:25  Marine  
  25  2:31  SCV  
  25  2:36  Refinery x2  
  26  2:41  Engineering Bay  
  26  2:46  Marine  
  26  2:50  Orbital Command  
  27  2:53  SCV  
  28  3:04  Marine  
  28  3:05  Marine, SCV  
  31  3:11  Missile Turret  
  31  3:15  Missile Turret  
  31  3:16  Refinery  
  31  3:17  SCV  
  32  3:21  SCV  
  33  3:29  SCV  
  33  3:33  SCV  
  35  3:37  Refinery  
  35  3:42  Supply Depot, SCV  
  35  3:43  Marine x2  
  35  3:44  Marine  
  39  3:49  SCV  
  39  3:54  SCV  
  41  4:02  SCV  
  42  4:04  Supply Depot, Barracks Tech Lab  
  42  4:05  Barracks Tech Lab  
  42  4:06  Barracks Reactor  
  42  4:07  SCV  
  43  4:14  SCV  
  44  4:19  SCV  
  45  4:27  Marauder x2  
  45  4:29  Factory  
  45  4:30  Stimpack  
  45  4:31  Combat Shield  
  49  4:34  Terran Infantry Weapons Level 1  
  49  4:35  SCV  
  49  4:37  SCV  
  51  4:44  Supply Depot  
  51  4:55  Marine x2, Marauder x2  
  57  5:00  SCV x2  
  57  5:07  Supply Depot  
  59  5:12  SCV x2  
  61  5:16  Marine  
  61  5:17  Marine, Marauder  
  61  5:18  Marauder  
  67  5:24  Factory Reactor, Starport  
  67  5:34  Supply Depot  
  67  5:40  Supply Depot  
  67  5:44  Marine x2, Marauder x2  
  67  5:46  SCV x2  
  75  5:58  SCV x2  
  77  6:12  Concussive Shells  
  77  6:15  SCV x2  
  77  6:18  Supply Depot, Barracks Reactor  
  79  6:24  Supply Depot  
  79  6:27  SCV x2  
  79  6:28  Siege Tank  
  79  6:29  Medivac x2  
  79  6:32  Marine  
  88  6:33  Marine x2  
  88  6:39  SCV x2  
  93  6:43  Terran Infantry Armor Level 1  
  93  6:44  Supply Depot  
  93  6:50  Marine  
  93  6:51  SCV  
  93  6:53  Marine  
  93  6:54  Marauder  
  98  6:55  Marine x2  
  98  6:59  SCV, Medivac x2  
  105  7:03  SCV  
  105  7:05  Siege Tank  
  105  7:06  Supply Depot  
  109  7:11  SCV  
  109  7:12  Marine  
  109  7:13  Marine  
  112  7:18  Marine x2, Marauder  
  116  7:30  Marine x2  
  116  7:33  Viking x2  
  116  7:36  Marine x2, Command Center  
  124  7:37  Supply Depot  
  124  7:39  Marine  
  125  7:48  Marine  
  125  7:51  Marine, Supply Depot, Siege Tank  
  130  7:52  Supply Depot  
  130  7:54  Marine x2  
  130  7:57  Marine  
  133  7:59  Supply Depot  
  133  8:06  Marine  
  133  8:08  Marine  
  133  8:11  Marine  
  133  8:12  Marine  
  135  8:14  Marine  
  133  8:24  Marine  
Show
View Real Time Build Order
Export as new Build Order

TossGosu Protoss 

Build Orders: Blink Stalkers 

Get SALT Encoding   

  1  0:00  Probe  
  13  0:08  Probe  
  14  0:28  Pylon  
  14  0:31  Probe  
  15  0:46  Probe  
  15  0:48  Gateway  
  16  0:52  Gateway  
  16  0:58  Probe  
  17  1:06  Probe  
  17  1:07  Assimilator  
  17  1:11  Assimilator  
  18  1:25  Pylon  
  18  1:27  Probe  
  19  1:39  Probe  
  20  1:40  Cybernetics Core  
  20  1:51  Probe  
  21  1:55  Pylon  
  21  2:03  Probe  
  22  2:14  Stalker  
  22  2:15  Probe  
  25  2:27  Probe  
  25  2:28  Pylon  
  26  2:35  Twilight Council  
  26  2:39  Probe  
  26  2:41  Pylon  
  27  2:45  Stalker  
  29  3:15  Nexus  
  29  3:19  Blink  
  29  3:21  Probe  
  30  3:30  Probe  
  31  3:38  Probe  
  31  3:43  Warp Gate  
  32  3:52  Gateway  
  32  3:57  Gateway  
  32  4:02  Robotics Facility  
  32  4:04  Stalker  
  34  4:10  Stalker  
  37  4:17  Probe  
  37  4:29  Probe  
  38  4:33  Assimilator  
  38  4:34  Assimilator  
  38  4:41  Probe  
  39  4:53  Observer  
  39  4:54  Probe  
  41  5:02  Pylon, Probe  
  42  5:12  Probe  
  42  5:13  Probe  
  43  5:21  Robotics Bay  
  44  5:22  Probe  
  44  5:24  Forge  
  44  5:25  Probe  
  44  5:27  Forge  
  46  5:37  Probe  
  47  5:44  Pylon  
  47  5:45  Probe  
  47  5:47  Pylon  
  48  5:50  Stalker x2  
  48  5:52  Probe  
  48  5:53  Probe  
  54  6:05  Probe  
  54  6:07  Stalker x2  
  59  6:14  Observer  
  59  6:17  Probe  
  61  6:19  Probe  
  61  6:20  Templar Archives  
  61  6:23  Protoss Ground Weapons Level 1  
  62  6:25  Protoss Ground Armor Level 1  
  62  6:29  Probe  
  62  6:31  Probe  
  62  6:32  Extended Thermal Lance, Disruptor  
  68  6:41  Stalker  
  70  6:47  Psionic Storm, Probe  
  70  6:50  Probe  
  72  6:55  Observer  
  72  7:00  High Templar  
  72  7:01  High Templar  
  76  7:23  Stalker x2  
  76  7:27  Colossus  
  86  7:45  Stalker x2  
  86  7:47  Stalker x2  
Tags
 
Add a new tag
Caveats
  • Supply blocks, unpowered buildings, or Contaminate may cause inaccurate times.
  • Supply counts are checked every 10 seconds.